 Dungeon Crawl Stone Soup version 0.19-a0-517-gd6a9987 (webtiles) character file.

32 tyrsky the Ruffian (level 3, 2/28 HPs)
             Began as a Draconian Transmuter on June 6, 2016.
             Quit the game on level 2 of the Dungeon.
             The game lasted 00:03:23 (1289 turns).

tyrsky the Ruffian (Draconian Transmuter)           Turns: 1289, Time: 00:03:24

Health: 2/28       AC:  5    Str: 13    XL:     3   Next: 8%
Magic:  6/6        EV: 12    Int: 13    God:
Gold:   89         SH:  0    Dex: 11    Spells: 1 memorised, 5 levels left

rFire  . . .     SeeInvis .       - Unarmed
rCold  . . .     Gourm    .     (armour unavailable)
rNeg   . . .     Faith    .     (no shield)
rPois  .         Spirit   .     (helmet restricted)
rElec  .         Dismiss  .     (no cloak)
rCorr  .         Reflect  .     (no gloves)
SustAt .         Harm     .     (no boots)
MR     .....                    (no amulet)
Stlth  +.........               (no ring)
                                (no ring)

@: lethally poisoned (2 -> -2), very slightly contaminated, invisible, not
resistant to hostile enchantments, very unstealthy
A: unfitting armour, cold-blooded, AC +5
a: no special abilities


You were on level 2 of the Dungeon.
You were not hungry.

You visited 1 branch of the dungeon, and saw 2 of its levels.

You collected 89 gold pieces.

Inventory:

Missiles
 a - 12 arrows
Scrolls
 f - a scroll of identify {@*1}
Books
 b - a book of Changes

   Spells                             Type                      Level
   a - Beastly Appendage              Transmutation                1
   b - Sticks to Snakes               Transmutation                2
   c - Spider Form                    Transmutation/Poison         3
   d - Ice Form                       Ice/Transmutation            4
   e - Blade Hands                    Transmutation                5
Comestibles
 c - a bread ration
 h - 4 chunks of flesh
 i - a meat ration


   Skills:
 - Level 1.1 Fighting
 - Level 1.7 Dodging
 + Level 3.4 Unarmed Combat
 + Level 2.2 Spellcasting
 + Level 2.9 Transmutations


You had 5 spell levels left.
You knew the following spells:

 Your Spells              Type           Power        Failure   Level  Hunger
a - Beastly Appendage     Tmut           #.....       10%         1    ##.....


Dungeon Overview and Level Annotations

Branches:
Dungeon (2/15)

Altars:
Makhleb
Uskayaw


Innate Abilities, Weirdness & Mutations

Your plain brown scales are hard. (AC +5)
Your body does not fit into most forms of armour.
You are cold-blooded and may be slowed by cold attacks.


Message History

You feel aware of your surroundings.
You sensed 1 altar.
It was a scroll of magic mapping.
The adder bites you but does no damage. The adder misses you.
As you read the scroll labeled DISATE CIU, it crumbles to dust.
You feel blessed for a moment.
It was a scroll of remove curse.
The adder bites you.
* * * LOW HITPOINT WARNING * * *
The hobgoblin barely misses you.
As you read the scroll labeled JAUFRI NESE, it crumbles to dust.
It is a scroll of identify.
You don't have any unidentified items.
* * * LOW HITPOINT WARNING * * *
You feel sick. The adder bites you but does no damage. The adder misses you.
The hobgoblin barely misses you.
Sorry, you're not good enough to have a special ability.
Sorry, you're not good enough to have a special ability.
Sorry, you're not good enough to have a special ability.
Sorry, you're not good enough to have a special ability.
Sorry, you're not good enough to have a special ability.
Are you sure you want to abandon this character and quit the game? (Confirm with "yes".)

*,,,,,,,* *,,,,,,,* *,,,,..,*
*,,,,,,,* **,,,..#* *,,,,,,,*
*,,,,...###### **,,...#*
*,,,,........## **.....##
*,,,..........## *,......#
**,,...........# *,......#
****#.........##*,......#
#.>....dg..###.....#*
###.......S..##.....###***
*###......................,**
*.............####.....$..,,,
**.........................,,,
***,,...#..............._....,,<
**,,,,,,*#.........#.#........,,,
,,,,,,,**#...........#........,,,
,,,***** #.........#####......,,,


You could see an adder and a hobgoblin.

Vanquished Creatures
  A dart slug (D:1)
  2 giant geckos (D:1)
  3 bats
  A giant cockroach (D:1)
  4 goblins (D:1)
  5 hobgoblins
  4 giant newts
  3 kobolds (D:1)
  4 rats
27 creatures vanquished.

Notes
Turn   | Place    | Note
--------------------------------------------------------------
     0 | D:1      | tyrsky the Draconian Transmuter began the quest for the Orb.
     0 | D:1      | Reached XP level 1. HP: 16/16 MP: 3/3
   281 | D:1      | Reached XP level 2. HP: 23/23 MP: 3/5
  1146 | D:2      | Noticed a dagger
  1146 | D:2      | Noticed a dagger
  1147 | D:2      | Found a hide-covered altar of Uskayaw.
  1194 | D:2      | Reached XP level 3. HP: 28/28 MP: 6/6
  1261 | D:2      | Found a burning altar of Makhleb.
  1289 | D:2      | Quit the game

Vault maps used:
D:1:      tarquinn_simple_flora_water_d, serial_bayou, serial_bayou_pond_e,
          serial_bayou_lagoon_a, serial_bayou_ford_a, serial_bayou_pond_c,
          serial_bayou_lake_a, serial_bayou_pond_a
D:2:      dancing_weapons_uskayaw, bloody_makhleb, nicolae_tso_carved_into_rock

Action                   || total
-------------------------++-------
Melee: Unarmed           ||    94
       Kick              ||    16
       Tailslap          ||     7
       Headbutt          ||     3
 Cast: Beastly Appendage ||    21
  Use: Potion            ||     3
       Scroll            ||     3
  Eat: Chunk             ||     2
Armor: Skin              ||    30
Dodge: Dodged            ||    72
